 Dungeon Crawl Stone Soup version 0.31.0-32-g396128a36d (webtiles) character file.

Game seed: 8852906348680158728

1873 monsoonserge the Ruffian (level 9, -4/90 (100) HPs)
             Began as a Gnoll Shapeshifter on Apr 3, 2024.
             Was an Initiate of Gozag.
             Slain by an orc warrior
             ... wielding a +0 flail
              (7 damage)
             ... on level 7 of the Dungeon.
             The game lasted 00:16:51 (6450 turns).

monsoonserge the Ruffian (Gnoll Shapeshifter)       Turns: 6450, Time: 00:16:52

HP:   -4/90 (100)   AC: 24    Str: 23    XL:     9   Next: 14%
MP:   15/15         EV:  2    Int: 10    God:    Gozag
Gold: 288           SH:  5    Dex: 12    Spells: 16/16 levels left

rFire   + .          .
                       - Unarmed
rCold   . . .        F - +0 buckler
rNeg    . . .        y - melded +3 chain mail
rPois   +            (helmet currently unavailable)
rElec   .            (cloak currently unavailable)
rCorr   +            (gloves currently unavailable)
SInv    +            x - melded +0 pair of boots
Will    .....        h - amulet of the acrobat
Stlth   +++          u - ring of see invisible
HPRegen 0.35/turn    A - ring of Gumoepol {rPois rF+ rCorr Str+6 Stlth+}
MPRegen 0.14/turn

%: acrobat
@: tree-form, heavily drained
A: stationary, stasis, torment immunity, boosted hp, (fangs 1), strong nose,
distributed training
a: Renounce Religion, Potion Petition, Call Merchant, Bribe Branch


You were on level 7 of the Dungeon.
You worshipped Gozag.
Gozag was aware of your devotion.
You were a tree.
You visited 2 branches of the dungeon, and saw 9 of its levels.

You collected 870 gold pieces.
You spent 550 gold pieces at shops.
You paid 32 gold pieces to Gozag.

Inventory:

Missiles
 w - 11 poisoned darts (quivered)
 D - a boomerang
Armour
 a - a +0 animal skin
 m - a +0 ring mail
 x - a +0 pair of boots (melded)
 y - a +3 chain mail (melded)
 F - a +0 buckler (worn)
Jewellery
 h - an amulet of the acrobat (around neck)
 r - a ring of ice
 u - a ring of see invisible (left branch)
 A - the ring of Gumoepol (right branch) {rPois rF+ rCorr Str+6 Stlth+}
   (You acquired it on level 1 of the Dungeon)

   [ring of strength]

   Str+6:     It affects your strength (+6).
   rF+:       It protects you from fire.
   rPois:     It protects you from poison rCorr: It protects you from acid and
   corrosion.
   Stlth+:    It makes you more stealthy.
Talismans
 c - a beast talisman (active)
 d - a flux talisman
Scrolls
 g - a scroll of noise {unknown}
 k - 2 scrolls of teleportation
 n - 2 scrolls of poison {unknown}
 o - a scroll of brand weapon {unknown}
 t - a scroll of fog {unknown}
 v - a scroll of blinking {unknown}
 B - a scroll of torment {unknown}
 G - a scroll of summoning {unknown}
Potions
 b - a potion of lignification
 e - 3 potions of curing
 f - a potion of brilliance
 i - a potion of mutation {unknown}
 j - a potion of might {unknown}
 l - 4 potions of enlightenment
 p - 2 potions of berserk rage
 q - a potion of ambrosia {unknown}
 s - a potion of heal wounds {unknown}
 z - a potion of cancellation {unknown}
 C - a potion of haste
 E - a potion of attraction {unknown}


   Skills:
 + Level 4.9 Fighting
 + Level 4.1 Short Blades
 + Level 4.1 Long Blades
 + Level 4.1 Axes
 + Level 4.1 Maces & Flails
 + Level 4.1 Polearms
 + Level 4.1 Staves
 + Level 4.1 Ranged Weapons
 + Level 4.1 Throwing
 + Level 4.1 Armour
 + Level 6.2 Dodging
 + Level 4.1 Stealth
 + Level 4.1 Shields
 + Level 7.8 Unarmed Combat
 + Level 4.1 Spellcasting
 + Level 3.3 Conjurations
 + Level 3.3 Hexes
 + Level 3.3 Summonings
 + Level 3.3 Necromancy
 + Level 3.3 Translocations
 + Level 3.3 Fire Magic
 + Level 3.3 Ice Magic
 + Level 3.3 Air Magic
 + Level 3.3 Earth Magic
 + Level 3.3 Alchemy
 + Level 4.5 Invocations
 + Level 4.1 Evocations
 + Level 7.6 Shapeshifting


You had 16 spell levels left.
You didn't know any spells.
Your spell library contained the following spells:

 Spells                   Type           Power      Damage    Failure   Level
 Kiss of Death            Conj/Necr      32%        2d7       8%          1
 Call Imp                 Summ           16%        N/A       12%         2
 Sublimation of Blood     Necr           8%         N/A       12%         2
 Confusing Touch          Hex            8%         N/A       22%         3
 Dispel Undead            Necr           8%         3d8       58%         4
 Summon Hydra             Summ           4%         N/A       100%        7


Dungeon Overview and Level Annotations

Branches:
Dungeon (8/15)             Temple (1/1) D:4
   Lair: D:8-11

Altars:
Ashenzari
Cheibriados
Dithmenos
Elyvilon
Fedhas
Gozag
Hepliaklqana
Kikubaaqudgha
Makhleb
Nemelex Xobeh
Okawaru
Qazlal
Ru
Sif Muna
Trog
Uskayaw
Vehumet
Xom
Yredelemnul
Zin
The Shining One

Shops:
D:1 *

Annotations:
D:4 2 transporters, flammie80's ghost, amateur FoMo


Innate Abilities, Weirdness & Mutations

You are a tree.
Your roots penetrate the ground, keeping you stationary.
You cannot be teleported.
You are immune to unholy pain and torment.
Your maximum health is greatly increased.
Your equipment is partially melded.
((You have very sharp teeth.))
Your uncanny sense of smell can sniff out nearby items.
Your experience applies equally to all skills.


Message History

You closely miss the wight.
The wight is severely damaged.
The wight hits you with a +0 battleaxe. You block the orc warrior's attack.
You hit the wight.
The wight is almost destroyed.
The wight hits you with a +0 battleaxe!
You feel drained.
The orc warrior hits you with a +0 flail!
* * * LOW HITPOINT WARNING * * *
Your transformation has ended.
Your +0 pair of boots unmelds from your body.
You turn into a tree.
Your +0 pair of boots melds into your body.
Your +3 chain mail melds into your body.
Your roots penetrate the ground.
You block the wight's attack.
The orc warrior hits you with a +0 flail!
* * * LOW HITPOINT WARNING * * *
You closely miss the wight.
The wight is almost destroyed.
The wight hits you but does no damage.
The orc warrior hits you with a +0 flail.
* * * LOW HITPOINT WARNING * * *
You closely miss the wight.
The wight is almost destroyed.
The wight hits you with a +0 battleaxe!
* * * LOW HITPOINT WARNING * * *
You feel drained.
* * * LOW HITPOINT WARNING * * *
The orc warrior hits you but does no damage.
It was a potion of curing.
You feel better. The wight hits you but does no damage.
The orc warrior hits you with a +0 flail.
* * * LOW HITPOINT WARNING * * *
You closely miss the wight.
The wight is almost destroyed.
The wight hits you with a +0 battleaxe.
* * * LOW HITPOINT WARNING * * *
You feel drained.
The orc warrior hits you with a +0 flail!
You die...
Your body crumbles into a pile of gold.

#### ...# ...# ######## ...#
#......# #######
...###......# #.....#
............# #.##### ###
............# #.# #.#
............####o# #.#
................♣# #.#
......##########z#########.#
......# ##...........#
####### #####......##.##.#
#..........##.##.# ###
##..........)..##.# #.#
#..##..........##.#
#.######.###.......#..##.#
#........#........##.....#


You could see an orc warrior and a wight.

Vanquished Creatures
  A water moccasin (D:6)
  An orc warrior (D:7)
  An ice beast (D:7)
  A black bear (D:7)
  An ogre (D:5)
  A kobold brigand (D:7)
  A bullfrog (D:7)
  A scorpion (D:4)
  A howler monkey (D:6)
  4 crimson imps (D:6)
  7 hounds
  8 orc priests
  7 iguanas
  2 sleepcaps
  7 orc wizards
  5 adders
  A gnoll (D:3)
  2 dart slugs (D:5)
  39 orcs
  A giant cockroach (D:4)
  6 goblins
  10 hobgoblins
  6 jackals
  3 quokkas
  4 ball pythons
  A bat (D:1)
  4 frilled lizards
  10 kobolds
  3 rats
139 creatures vanquished.

Notes
Turn   | Place    | Note
-------+----------+-------------------------------------------
     0 | D:1      | monsoonserge the Gnoll Shapeshifter began the quest for the
                  | Orb.
     0 | D:1      | Reached XP level 1. HP: 17/17 MP: 1/1
    62 | D:1      | Found Zykol's General Store.
   453 | D:1      | Reached XP level 2. HP: 23/23 MP: 2/2
   666 | D:1      | Bought a scroll of teleportation for 30 gold pieces
  1142 | D:2      | Reached XP level 3. HP: 28/28 MP: 3/3
  1642 | D:2      | Reached skill level 1 in Invocations
  1751 | D:3      | Reached skill level 1 in Short Blades
  1751 | D:3      | Reached skill level 1 in Long Blades
  1751 | D:3      | Reached skill level 1 in Axes
  1751 | D:3      | Reached skill level 1 in Maces & Flails
  1751 | D:3      | Reached skill level 1 in Polearms
  1751 | D:3      | Reached skill level 1 in Staves
  1751 | D:3      | Reached skill level 1 in Ranged Weapons
  1751 | D:3      | Reached skill level 1 in Throwing
  1751 | D:3      | Reached skill level 1 in Armour
  1751 | D:3      | Reached skill level 1 in Stealth
  1751 | D:3      | Reached skill level 1 in Shields
  1751 | D:3      | Reached skill level 1 in Spellcasting
  1751 | D:3      | Reached skill level 1 in Evocations
  1869 | D:3      | Reached skill level 1 in Conjurations
  1869 | D:3      | Reached skill level 1 in Hexes
  1869 | D:3      | Reached skill level 1 in Summonings
  1869 | D:3      | Reached skill level 1 in Necromancy
  1869 | D:3      | Reached skill level 1 in Translocations
  1869 | D:3      | Reached skill level 1 in Fire Magic
  1869 | D:3      | Reached skill level 1 in Ice Magic
  1869 | D:3      | Reached skill level 1 in Air Magic
  1869 | D:3      | Reached skill level 1 in Earth Magic
  1869 | D:3      | Reached skill level 1 in Alchemy
  1869 | D:3      | Reached XP level 4. HP: 34/34 MP: 5/5
  1977 | D:3      | Reached XP level 5. HP: 40/40 MP: 7/7
  2134 | D:3      | Found a faded altar of an unknown god.
  2273 | D:4      | Found a staircase to the Ecumenical Temple.
  2289 | Temple   | Entered the Ecumenical Temple
  2314 | Temple   | Became a worshipper of Gozag Ym Sagoz the Greedy
  2434 | D:4      | Found a transporter.
  2436 | D:4      | Noticed an ogre
  2437 | D:4      | Noticed flammie80's ghost (amateur FoMo)
  2439 | D:4      | Noticed an ogre
  2451 | D:4      | Reached XP level 6. HP: 42/47 MP: 8/8
  2733 | D:4      | Reached skill level 5 in Dodging
  3342 | D:4      | Found a shimmering blue altar of Sif Muna.
  3383 | D:4      | Reached XP level 7. HP: 21/52 MP: 10/10
  3576 | D:4      | Found a transporter.
  3627 | D:5      | Entered Level 5 of the Dungeon
  4532 | D:6      | Reached XP level 8. HP: 60/60 MP: 12/12
  4975 | D:1      | Bought a scroll of acquirement for 520 gold pieces
  4979 | D:1      | Acquired the ring of Gumoepol {rPois rF+ rCorr Str+6
                  | Stlth+}
  5232 | D:6      | Found a snail-covered altar of Cheibriados.
  5269 | D:6      | Found a shimmering altar of Xom.
  5340 | D:6      | Found an ancient bone altar of Kikubaaqudgha.
  6012 | D:7      | Reached XP level 9. HP: 66/66 MP: 14/14
  6448 | D:7      | HP: 4/97 [wight/+0 battleaxe (11)]
  6448 | D:7      | HP: 1/93 [wight/+0 battleaxe (3)]
  6450 | D:7      | Slain by an orc warrior

Illustrated notes

Levels and vault maps discovered:
D:1:      tarquinn_simple_flora_water_c, layout_basic, serial_shops,
          nicolae_shop_crystal
D:2:      layout_basic
D:3:      layout_rooms, shapermc_ecumenical_altar_mp_highgroup,
          kennysheep_generic_room_12
D:4:      layout_loops_corners, led_sif_pool,
          minmay_temple_entry_statues_fountains, gammafunk_ghost_smash,
          sigmund_army
D:5:      layout_basic
D:6:      nicolae_cairo_tiling_large, layout_gridville, led_xom_imps,
          mainiacjoe_overflow_boulevard, lemuel_tele_altar,
          nicolae_figureground_pulse
D:7:      layout_basic
D:8:      layout_basic, amcnicky_altar_gilded, david_lair_shrubbed,
          grunt_ministairs_1
Temple:   minmay_crystal_spiral_temple

Skill      XL: |  1  2  3  4  5  6  7  8  9 |
---------------+----------------------------+-----
Invocations    | 1 2 3 4 |  4.5
Short Blades   | 1 2 3 4 |  4.1
Long Blades    | 1 2 3 4 |  4.1
Axes           | 1 2 3 4 |  4.1
Maces & Flails | 1 2 3 4 |  4.1
Polearms       | 1 2 3 4 |  4.1
Staves         | 1 2 3 4 |  4.1
Ranged Weapons | 1 2 3 4 |  4.1
Throwing       | 1 2 3 4 |  4.1
Armour         | 1 2 3 4 |  4.1
Stealth        | 1 2 3 4 |  4.1
Shields        | 1 2 3 4 |  4.1
Spellcasting   | 1 2 3 4 |  4.1
Evocations     | 1 2 3 4 |  4.1
Conjurations   | 1 2 3 |  3.3
Hexes          | 1 2 3 |  3.3
Summonings     | 1 2 3 |  3.3
Necromancy     | 1 2 3 |  3.3
Translocations | 1 2 3 |  3.3
Fire Magic     | 1 2 3 |  3.3
Ice Magic      | 1 2 3 |  3.3
Air Magic      | 1 2 3 |  3.3
Earth Magic    | 1 2 3 |  3.3
Alchemy        | 1 2 3 |  3.3
Fighting       | 3 4 |  4.9
Dodging        | 5 6 |  6.2
Unarmed Combat | 7 |  7.8
Shapeshifting  | 7 |  7.6

Action                     |  1- 3 |  4- 6 |  7- 9 || total
---------------------------+-------+-------+-------++-------
  Melee: Unarmed           |    67 |   116 |   232 ||   415
         Punch             |     2 |     5 |     5 ||    12
         Bite              |     5 |     8 |    20 ||    33
  Throw: Dart              |       |       |     2 ||     2
    Use: Potion            |       |     1 |     2 ||     3
         Scroll            |       |       |     6 ||     6
 Armour: Animal skin       |     9 |       |       ||     9
         Ring mail         |    17 |       |       ||    17
         Chain mail        |       |    65 |   127 ||   192
         Skin              |       |     7 |    11 ||    18
  Dodge: Dodged            |    28 |    60 |   102 ||   190
  Block: Buckler           |       |       |     7 ||     7
   Form: Beast             |       |       |     1 ||     1
         Flux              |       |       |     1 ||     1
